 Dungeon Crawl Stone Soup version 0.26-a0-639-g72c4674329 (webtiles) character file.

Game seed: 11476738171858493737

98 DogServant the Conjurer (level 4, 0/24 HPs)
             Began as a Gargoyle Conjurer on Sept 16, 2020.
             Slain by a hornet zombie (9 damage)
             ... on level 3 of the Dungeon.
             The game lasted 00:05:49 (3418 turns).

DogServant the Conjurer (Gargoyle Conjurer)         Turns: 3418, Time: 00:05:49

Health: 0/24       AC:  5    Str: 10    XL:     4   Next: 71%
Magic:  0/8        EV: 12    Int: 20    God:
Gold:   55         SH:  0    Dex:  8    Spells: 6/9 levels left

rFire    . . .     SeeInvis .   k - +0 whip
rCold    . . .     Faith    .   (no shield)
rNeg     + . .     Spirit   .   a - +0 robe
rPois    ∞         Reflect  .   (no helmet)
rElec    +         Harm     .   (no cloak)
rCorr    .         Rampage  .   (no gloves)
MR       .....                  (no boots)
Stlth    +++.......             (no amulet)
HPRegen  0.08/turn              j - ring of stealth
MPRegen  0.11/turn              (no ring)

@: no status effects
A: negative energy resistance 1, electricity resistance, unbreathing,
petrification resistance, rot immunity, AC +3
a: no special abilities


You were on level 3 of the Dungeon.
You visited 1 branch of the dungeon, and saw 3 of its levels.

You collected 55 gold pieces.

Inventory:

Hand Weapons
 k - a +0 whip (weapon)
Armour
 a - a +0 robe (worn)
 f - a +0 pair of boots
Jewellery
 j - a ring of stealth (left hand)
Scrolls
 c - 2 scrolls of teleportation
 l - a scroll of amnesia
Potions
 b - a potion of heal wounds {unknown}
 d - a potion of flight {unknown}
 e - a potion of curing
 g - 2 potions of haste {unknown}
 h - a potion of resistance {unknown}
 m - a potion of might {unknown}


   Skills:
 - Level 1.5 Dodging
 - Level 2.2 Stealth
 + Level 3.3 Spellcasting
 + Level 5.6 Conjurations


You had 6 spell levels left.
You knew the following spells:

 Your Spells              Type           Power        Failure   Level
a - Magic Dart            Conj           ####         1%          1
b - Searing Ray           Conj           ####..       1%          2

Your spell library contained the following spells:

 Spells                   Type           Power        Failure   Level
 Dazzling Flash           Conj/Hex       ##....       13%         3
 Fulminant Prism          Conj/Hex       ##........   41%         4
 Iskenderun's Mystic Bla  Conj/Tloc      ##......     41%         4


Dungeon Overview and Level Annotations

Branches:
Dungeon (3/15)

Altars:
Cheibriados
Makhleb
Nemelex Xobeh


Innate Abilities, Weirdness & Mutations

You are resistant to torment.
Your stone body is resilient. (AC +3)
You are immune to poison.
You resist negative energy. (rN+)
You are resistant to electric shocks. (rElec)
You can survive without breathing.
You are immune to petrification.
You are immune to rotting.


Message History

The searing ray hits the hornet zombie.
The hornet zombie is lightly damaged.
The hornet zombie hits you but does no damage.
The searing ray hits the hornet zombie.
The hornet zombie is moderately damaged.
The hornet zombie hits you. The hornet zombie barely misses you.
The searing ray hits the hornet zombie!
The hornet zombie is moderately damaged.
You finish channeling your searing ray.
The hornet zombie hits you.
Casting: Searing Ray (safe; 1% risk of failure)
Confirm with . or Enter, or press ? or * to list all spells.
Press: ? - help, Shift-Dir - straight line, p - hornet zombie The searing ray hits the hornet zombie!
The hornet zombie is heavily damaged. (Press . to maintain the ray.)
The hornet zombie hits you!
The searing ray hits the hornet zombie.
The hornet zombie is severely damaged.
The hornet zombie hits you!
You die...

##.....## ### #.#
##.......## ##.###.#
#.........####...##.##
+........)')..........
#.........####...##.##
#.......## ##.###.#
##.....## ####..#
##...## #.## ##@## #.#
#Z# #.# #.# #.# ...
#.# ... #.# ..... #.#
#...# .....


You could see a hornet zombie.

Vanquished Creatures
  A howler monkey zombie (D:3)
  An adder (D:2)
  An ooze (D:1)
  2 worms (D:2)
  2 dart slugs (D:1)
  4 leopard geckos
  6 orcs (D:3)
  7 bats
  2 giant cockroaches (D:3)
  4 goblins
  7 hobgoblins
  2 jackals (D:2)
  3 kobolds
  A quokka (D:2)
  A ball python (D:2)
  2 frilled lizards
  7 rats
53 creatures vanquished.

Vanquished Creatures (others)
  3 plants (D:3)
3 creatures vanquished.

Grand Total: 56 creatures vanquished

Notes
Turn   | Place    | Note
-------+----------+-------------------------------------------
     0 | D:1      | DogServant the Gargoyle Conjurer began the quest for the
                  | Orb.
     0 | D:1      | Reached XP level 1. HP: 10/10 MP: 3/3
   290 | D:1      | Reached XP level 2. HP: 14/15 MP: 0/5
   295 | D:1      | Learned a level 2 spell: Searing Ray
   971 | D:1      | Reached skill level 5 in Conjurations
   971 | D:1      | Reached XP level 3. HP: 19/19 MP: 1/6
  1232 | D:2      | Found a burning altar of Makhleb.
  2279 | D:2      | Reached XP level 4. HP: 24/24 MP: 3/8
  2329 | D:2      | Found a sparkling altar of Nemelex Xobeh.
  3062 | D:3      | Found a snail-covered altar of Cheibriados.
  3418 | D:3      | Slain by a hornet zombie

Illustrated notes

Levels and vault maps discovered:
D:1:      lemuel_arrival_room, layout_basic
D:2:      layout_loops_ring, bloody_makhleb, nemelex_xobeh_ov_fountains_minmay
D:3:      layout_loops_corners, cheibriados_altar_1, serial_bayou_pond_c

Skill      XL: |  1  2  3 |
---------------+----------+-----
Conjurations   | 5 |  5.6
Spellcasting   | 3 |  3.3
Dodging        | |  1.5
Stealth        | |  2.2

Action                   |  1- 3 |  4- 6 || total
-------------------------+-------+-------++-------
Melee: Unarmed           |    33 |       ||    33
 Cast: Magic Dart        |    57 |    20 ||    77
       Searing Ray       |     8 |     8 ||    16
  Use: Scroll            |     4 |     2 ||     6
 Stab: Sleeping          |     1 |       ||     1
Armor: Robe              |    24 |     1 ||    25
Dodge: Dodged            |    34 |     1 ||    35

Table legend: (Time is in decaauts)
 A = Elapsed time spent in this place.
 B = Non-inter-level travel time spent in this place.
 C = Inter-level travel time spent in this place.
 D = Time resting spent in this place.
 E = Time spent auto-exploring this place.
 F = Levels seen in this place.
 G = Mean time per level.
                   A        B        C        D        E       F      G
               +--------+--------+--------+--------+--------+-----+--------+
         Total |   3417 |   3360 |     57 |    927 |   2020 |   3 | 1139.0 |
       Dungeon |   3417 |   3360 |     57 |    927 |   2020 |   3 | 1139.0 |
               +--------+--------+--------+--------+--------+-----+--------+

Top non-repeatable levels by time:
     D:2: 1334 daAuts
     D:1: 1234 daAuts
     D:3: 848 daAuts
